 Dungeon Crawl Stone Soup version 0.28.0-47-ge53b351184 (webtiles) character file.

Game seed: 4785609014729657350

39 MrIGI the Skirmisher (level 3, -1/31 HPs)
             Began as a Djinni Fighter on May 10, 2022.
             Was a Follower of Okawaru.
             Killed from afar by a white imp (3 damage)
             ... with a puff of frost
             ... summoned by Natasha
             ... on level 2 of the Dungeon.
             The game lasted 00:07:26 (1103 turns).

MrIGI the Skirmisher (Djinni Fighter)               Turns: 1103, Time: 00:07:26

Health: -1/31      AC:  7    Str: 15    XL:     3   Next: 70%
Gold:   63         EV:  8    Int:  9    God:    Okawaru [*.....] SH:  5 Dex: 14

rFire   + + .      SeeInvis .   a - +0 rapier
rCold   x . .      Faith    .   c - +0 buckler
rNeg    . . .      Spirit   .   b - +0 scale mail
rPois   ∞          Reflect  .   (no helmet)
rElec   .          Harm     .   f - +0 cloak
rCorr   .          Rampage  .   (no gloves)
Will    .....                   (boots unavailable)
Stlth   ..........              (no amulet)
HPRegen 0.10/turn               (no ring)
MPRegen 0.00/turn               (no ring)

@: mighty, flying, slowed, very slow
A: sickness immunity, fire resistance 2, cold vulnerability 1, float, innate
caster, HP casting, extra vitality 1
a: Renounce Religion, Heroism


You were on level 2 of the Dungeon.
You worshipped Okawaru.
Okawaru was aware of your devotion.
You visited 1 branch of the dungeon, and saw 2 of its levels.

You collected 63 gold pieces.

Inventory:

Hand Weapons
 a - a +0 rapier (weapon)
Armour
 b - a +0 scale mail (worn)
 c - a +0 buckler (worn)
 f - a +0 cloak (worn)
Scrolls
 e - 2 scrolls of identify {unknown}
 h - a scroll of teleportation {unknown}
Potions
 d - a potion of might
 g - a potion of heal wounds {unknown}


   Skills:
 * Level 4.3 Fighting
 - Level 1.7 Short Blades
 - Level 3.0 Armour
 + Level 0.4 Stealth
 - Level 3.0 Shields


You had one spell level left.
You knew the following spells:

 Your Spells              Type           Power      Damage    Failure   Level
a - Shock                 Conj/Air       0%         1d3       90%         1
Your spell library was empty.

Dungeon Overview and Level Annotations

Branches:
Dungeon (2/15)

Altars:
Okawaru

Annotations:
D:2 Natasha


Innate Abilities, Weirdness & Mutations

You are immune to sickness and miasma.
You are immune to poison.
Your flesh is very heat resistant. (rF++)
You are vulnerable to cold. (rC-)
You float through the air rather than walking.
You learn spells naturally, not from books.
Your magical power is your life essence.
You have superior vitality. (+4 MHP)


Message History

Natasha claws you.
The crimson imp blinks!
Natasha claws you.
You barely miss Natasha.
Natasha is lightly wounded.
Natasha barely misses you.
Natasha mumbles some strange words.
You barely miss Natasha.
Natasha is lightly wounded.
The crimson imp lashes its tail.
The crimson imp blinks!
You block Natasha's attack.
You hit Natasha.
Natasha is moderately wounded.
Natasha barely misses you.
The crimson imp blinks!
Natasha casts a spell at you.
You feel as though you will be slow longer.
You closely miss Natasha.
Natasha is lightly wounded.
You block Natasha's attack.
Natasha mumbles some strange words.
You completely miss Natasha.
Natasha is lightly wounded.
Natasha claws you but does no damage. The white imp hits you.
The white imp freezes you.
You feel a terrible chill!
You hit Natasha but do no damage.
Natasha is lightly wounded.
Natasha closely misses you. The white imp gestures at you.
The puff of frost hits you!
You feel a terrible chill!
* * * LOW HITPOINT WARNING * * *
Natasha claws you but does no damage. The white imp gestures at you.
The puff of frost hits you!
You feel a terrible chill!
* * * LOW HITPOINT WARNING * * *
The crimson imp blinks!
You feel very mighty all of a sudden.
The crimson imp disappears in a puff of smoke!
The white imp disappears in a puff of smoke!
Natasha claws you but does no damage. The white imp gestures at you.
The puff of frost hits you.
You feel a terrible chill!
You die...

#.
..#.#>..#...#
..
##....##§#...#
#.
#.#........##
#.##.##.####
..... #.# #.#
#§# #5# #@#
#....§h.#
...#.#### #


You could see Natasha and a white imp (summoned).

Vanquished Creatures
  A dart slug (D:1)
  2 ball pythons (D:1)
  4 endoplasms
  A giant cockroach (D:1)
  7 goblins
  2 hobgoblins
  6 kobolds (D:1)
  4 quokkas (D:1)
  3 bats
  2 frilled lizards (D:1)
32 creatures vanquished.

Notes
Turn   | Place    | Note
-------+----------+-------------------------------------------
     0 | D:1      | MrIGI the Djinni Fighter began the quest for the Orb.
     0 | D:1      | Reached XP level 1. HP: 20/20 MP: 0/0
    49 | D:1      | Reached XP level 2. HP: 10/25 MP: 0/0
   520 | D:1      | Found a faded altar of an unknown god.
   522 | D:1      | Prayed at the altar of an unknown god.
   522 | D:1      | Became a worshipper of Warmaster Okawaru
   522 | D:1      | Reached * piety under Okawaru
   545 | D:1      | Reached XP level 3. HP: 26/31 MP: 0/0
   545 | D:1      | Learned a level 1 spell: Shock
   547 | D:1      | Reached skill level 4 in Fighting
  1091 | D:2      | Noticed Natasha
  1103 | D:2      | Killed from afar by a white imp

Illustrated notes

Levels and vault maps discovered:
D:1:      eino_arrival_water_cross, layout_basic,
          chequers_ecumenical_altar_twisty
D:2:      layout_basic, serial_curves, eino_curves_03, eino_curves_01,
          eino_curves_03, patterned_corridor, uniq_natasha

Skill      XL: |  1  2  3 |
---------------+----------+-----
Fighting       | 4 |  4.3
Short Blades   | |  1.7
Armour         | |  3.0
Stealth        | |  0.4
Shields        | |  3.0

Action                   || total
-------------------------++-------
Melee: Rapier            ||    80
 Cast: Shock             ||     1
  Use: Potion            ||     1
Armor: Scale mail        ||    37
Dodge: Dodged            ||    31
Block: Buckler           ||    16
